 Dungeon Crawl Stone Soup version 0.32-a0-540-g866d13106e (webtiles) character file.

Game seed: 3130659190914043588

392 zenocrate the Ruffian (level 6, -1/63 HPs)
             Began as an Octopode Shapeshifter on Feb 29, 2024.
             Was an Initiate of Ru.
             Slain by a gnoll sergeant
             ... wielding a +0 spear
              (10 damage)
             ... on level 5 of the Dungeon.
             The game lasted 00:03:56 (2745 turns).

zenocrate the Ruffian (Octopode Shapeshifter)       Turns: 2745, Time: 00:03:59

Health: -1/63      AC:  1    Str: 20    XL:     6   Next: 81%
Magic:  6/6        EV: 16    Int: 18    God:    Ru [......]
Gold:   288        SH:  0    Dex: 25    Spells: 4/5 levels left

rFire   . .          .
                       - Unarmed
rCold   . . .        (no shield)
rNeg    . . .        (helmet currently unavailable)
rPois   .            (no amulet)
rElec   .            e - +6 ring of intelligence
rCorr   .            g - +6 ring of strength
SInv    .            n - +6 ring of dexterity
Will    .....        t - +6 ring of dexterity Stlth
                     y - ring of wizardry
HPRegen 0.30/turn    (no ring)
MPRegen 0.10/turn    (no ring)
                     (no ring)

%: wizardry (x1)
@: berserking, beast-form, very quick
A: beast (slay +2), almost no armour, amphibious, 8 rings, camouflage 1,
gelatinous body 1, (nimble swimmer 1), tentacles
a: Begin Untransformation, Renounce Religion


You were on level 5 of the Dungeon.
You worshipped Ru.
Ru was noncommittal.
You were a hulking beast.
You visited 2 branches of the dungeon, and saw 6 of its levels.

You collected 288 gold pieces.

Inventory:

Missiles
 d - a throwing net (quivered)
 m - 2 atropa-tipped darts
 p - 12 poisoned darts
 r - 4 boomerangs
 A - 4 datura-tipped darts
Jewellery
 e - a +6 ring of intelligence (left tentacle)
 g - a +6 ring of strength (right tentacle)
 n - a +6 ring of dexterity (on tentacle)
 t - a +6 ring of dexterity (on tentacle)
 y - a ring of wizardry (on tentacle)
Talismans
 b - a beast talisman (active)
 c - a flux talisman
Wands
 u - a wand of polymorph (4)
Scrolls
 i - a scroll of identify
 j - a scroll of enchant weapon {unknown}
 l - a scroll of poison {unknown}
 o - a scroll of fear {unknown}
 s - a scroll of noise {unknown}
 v - a scroll of amnesia {unknown}
 x - a scroll of immolation {unknown}
 z - 2 scrolls of enchant armour
 B - a scroll of revelation {unknown}
 C - a scroll of teleportation {unknown}
Potions
 a - a potion of lignification
 f - a potion of heal wounds {unknown}
 h - a potion of berserk rage
 k - a potion of haste {unknown}
 q - 3 potions of might {unknown}
 w - 2 potions of curing {unknown}


   Skills:
 + Level 3.2 Fighting
 + Level 3.7 Dodging
 + Level 4.3 Unarmed Combat
 * Level 1.8 Evocations
 + Level 4.1 Shapeshifting


You had 4 spell levels left.
You knew the following spells:

 Your Spells              Type           Power      Damage    Failure   Level
m - Apportation           Tloc           0%         N/A       9%          1

Your spell library contained the following spells:

 Spells                   Type           Power      Damage    Failure   Level
 Freeze                   Ice            0%         1d3       9%          1
 Summon Small Mammal      Summ           0%         N/A       9%          1
 Cigotuvi's Dreadful Rot  Necr/Alch/Air  0%         N/A       13%         2
 Ensorcelled Hibernation  Hex/Ice        0%         N/A       13%         2
 Jinxbite                 Hex            0%         N/A       13%         2
 Lesser Beckoning         Tloc           0%         N/A       13%         2
 Call Canine Familiar     Summ           0%         N/A       26%         3
 Frozen Ramparts          Ice            0%         1d1       26%         3
 Gell's Gravitas          Tloc           0%         N/A       26%         3
 Hailstorm                Conj/Ice       0%         3d5       26%         3
 Passwall                 Erth           0%         N/A       26%         3
 Summon Ice Beast         Ice/Summ       0%         N/A       26%         3
 Swiftness                Air            0%         N/A       26%         3
 Teleport Other           Tloc           0%         N/A       26%         3
 Dispel Undead            Necr           0%         3d6       61%         4
 Martyr's Knell           Necr/Summ      0%         N/A       61%         4
 Olgreb's Toxic Radiance  Alch           0%         N/A       61%         4
 Summon Blazeheart Golem  Fire/Summ      0%         N/A       61%         4
 Alistair's Intoxication  Alch           0%         N/A       91%         5
 Death Channel            Necr           0%         N/A       100%        6
 Sculpt Simulacrum        Ice/Alch       0%         N/A       100%        6
 Malign Gateway           Summ/Tloc      0%         N/A       100%        7
 Ozocubu's Refrigeration  Ice            0%         4d7       100%        7
 Discord                  Hex            0%         N/A       100%        8
 Summon Horrible Things   Summ           0%         N/A       100%        8


Dungeon Overview and Level Annotations

Branches:
Dungeon (5/15)             Temple (1/1) D:5

Altars:
Ashenzari
Cheibriados
Dithmenos
Elyvilon
Gozag
Kikubaaqudgha
Makhleb
Nemelex Xobeh
Okawaru
Ru
Sif Muna
Trog
Vehumet
Wu Jian
Xom
Yredelemnul
Zin
The Shining One


Innate Abilities, Weirdness & Mutations

You are a hulking beast.
Your limbs bulge with bestial killing power. (Slay +2)
You cannot wear most types of armour.
You are amphibious.
You can wear up to eight rings at the same time.
Your skin changes colour to match your surroundings (Stealth+).
Your rubbery body absorbs attacks. (AC +1, EV +1)
((You are camouflaged when in or above water. (Stealth+)))
You have tentacles for arms and can constrict up to eight enemies at once.


Message History

The wyvern bites you. The wyvern closely misses you.
The gnoll completely misses you.
The gnoll sergeant hits you from afar with a +0 spear.
The gnoll misses you.
Unknown command.
You bludgeon the wyvern! You squeeze the wyvern.
The wyvern is heavily wounded.
The wyvern closely misses you. The gnoll closely misses you.
The gnoll sergeant completely misses you.
The gnoll closely misses you.
Unknown command.
You closely miss the wyvern.
The wyvern is heavily wounded.
The wyvern bites you! The gnoll sergeant misses you.
The wyvern barely misses you. The gnoll barely misses you.
The gnoll misses you.
Unknown command.
As you read the scroll labelled MECWO FI FEIS, it crumbles to dust.
It is a scroll of identify.
z - 2 scrolls of enchant armour The wyvern barely misses you.
The gnoll misses you. The gnoll sergeant closely misses you.
The gnoll hits you from afar with a +0 spear!
The gnoll hits you with a +0 flail!
* * * LOW HITPOINT WARNING * * *
Unknown command.
Okay, then.
Okay, then.
Okay, then.
Okay, then.
Okay, then.
Okay, then.
It was a potion of berserk rage.
A red film seems to cover your vision as you go berserk!
You feel yourself moving faster!
You feel mighty! The wyvern closely misses you. The gnoll closely misses you.
The wyvern completely misses you.
The gnoll sergeant hits you from afar with a +0 spear!
You die...
Ru respects your ultimate sacrifice.

..........<.................# #..
......#####.................# #..
....... ...................# #..
........ .......#...........###..
...................###...........
..........# #...........
#........###...........
.#....g.#...........#...
.....gkh............#...
.....gg........##...#...
...............##...# ..
...............##...# ..
...............# ...+ ..
...............# ..# #+
.#+###########.# #.# ..#


You could see a wyvern, a gnoll sergeant and 3 gnolls.

Vanquished Creatures
  A black bear (D:5)
  2 scorpions (D:5)
  Natasha (thrice) (D:2)
  3 gnolls (D:5)
  3 adders
  A white imp (D:5)
  A dart slug (D:2)
  An orc (D:3)
  2 ball pythons (D:1)
  3 endoplasms
  4 giant cockroaches
  3 goblins (D:1)
  7 hobgoblins
  2 quokkas
  3 bats (D:1)
  8 frilled lizards
  5 kobolds
  7 rats
59 creatures vanquished.

Notes
Turn   | Place    | Note
-------+----------+-------------------------------------------
     0 | D:1      | zenocrate the Octopode Shapeshifter began the quest for the
                  | Orb.
     0 | D:1      | Reached XP level 1. HP: 13/13 MP: 1/1
    78 | D:1      | Reached XP level 2. HP: 18/18 MP: 2/2
   335 | D:1      | Reached XP level 3. HP: 23/23 MP: 3/3
   534 | D:2      | Found a faded altar of an unknown god.
   684 | D:2      | Noticed Natasha
   690 | D:2      | Killed Natasha
   691 | D:2      | Reached XP level 4. HP: 24/29 MP: 4/4
   821 | D:2      | Noticed Natasha
   828 | D:2      | Killed Natasha
   841 | D:2      | Noticed Natasha
   847 | D:2      | Killed Natasha
   848 | D:2      | Reached XP level 5. HP: 25/35 MP: 5/5
  1625 | D:3      | Learned a level 1 spell: Apportation
  1813 | D:4      | Identified the +0 robe of Amorality {rElec Int+2 Slay+3}
  2095 | D:4      | Identified the +7 war axe of the Scorpion {freeze, Str+2}
  2114 | D:4      | Found a burning altar of Makhleb.
  2373 | D:5      | Entered Level 5 of the Dungeon
  2373 | D:5      | Noticed a wyvern
  2373 | D:5      | Noticed a black bear
  2378 | D:5      | Killed a black bear
  2379 | D:5      | Reached XP level 6. HP: 41/41 MP: 6/6
  2434 | D:5      | Reached skill level 1 in Evocations
  2585 | D:5      | Found a staircase to the Ecumenical Temple.
  2657 | Temple   | Entered the Ecumenical Temple
  2676 | Temple   | Became a worshipper of Ru the Awakened
  2745 | D:5      | Slain by a gnoll sergeant

Illustrated notes

Levels and vault maps discovered:
D:1:      minmay_arrival_three_doors, layout_rooms
D:2:      layout_basic, shapermc_ecumenical_altar_gd, uniq_natasha
D:3:      layout_rooms
D:4:      layout_loops_ring, bloody_makhleb
D:5:      layout_basic, minmay_temple_entry_ruins
Temple:   minmay_crystal_spiral_temple

Skill      XL: |  1  2  3  4  5  6 |
---------------+-------------------+-----
Fighting       | 2 3 |  3.2
Dodging        | 3 |  3.7
Unarmed Combat | 4 |  4.3
Shapeshifting  | 4 |  4.1
Evocations     | 1 |  1.8

Action                     |  1- 3 |  4- 6 || total
---------------------------+-------+-------++-------
  Melee: Unarmed           |    50 |    51 ||   101
         Constrict         |    17 |    15 ||    32
         Tentacles         |    11 |    15 ||    26
         Punch             |     2 |     2 ||     4
    Use: Scroll            |       |     1 ||     1
         Potion            |       |     1 ||     1
   Stab: Sleeping          |     5 |     5 ||    10
         Distracted        |       |     1 ||     1
 Armour: Skin              |    15 |    20 ||    35
  Dodge: Dodged            |    24 |    43 ||    67

Table legend: (Time is in decaauts)
 A = Elapsed time spent in this place.
 B = Non-inter-level travel time spent in this place.
 C = Inter-level travel time spent in this place.
 D = Time resting spent in this place.
 E = Time spent auto-exploring this place.
 F = Levels seen in this place.
 G = Mean time per level.
                   A        B        C        D        E       F      G
               +--------+--------+--------+--------+--------+-----+--------+
         Total |   2735 |   2572 |    163 |      0 |   2155 |   6 |  455.8 |
       Dungeon |   2696 |   2569 |    127 |      0 |   2155 |   5 |  539.2 |
        Temple |     38 |      2 |     36 |      0 |      0 |   1 |   38.0 |
               +--------+--------+--------+--------+--------+-----+--------+

Top non-repeatable levels by time:
     D:2: 830 daAuts
     D:4: 584 daAuts
     D:3: 485 daAuts
     D:1: 463 daAuts
     D:5: 331 daAuts
  Temple: 38 daAuts
